 Dungeon Crawl Stone Soup version 0.31.0-11-ge490571c62 (webtiles) character file.

Game seed: 11790319949409624634

9688 dakkaduck the Severer (level 11, 0/94 HPs)
             Began as a Minotaur Berserker on Jan 30, 2024.
             Was an Elder of Trog.
             Killed from afar by a burning bush (10 damage)
             ... with a puff of flame
             ... on level 1 of the Lair of Beasts.
             The game lasted 00:15:02 (10111 turns).

dakkaduck the Severer (Minotaur Berserker)         Turns: 10111, Time: 00:15:02

Health: 0/94       AC:  8    Str: 27    XL:     11   Next: 26%
Magic:  10/10      EV: 10    Int:  6    God:    Trog [****..]
Gold:   270        SH: 14    Dex:  9    Spells: 10/10 levels left

rFire   . . .        c - +2 war axe
rCold   . . .        s - +0 tower shield
rNeg    + . .        v - +0 robe of the Kettle-Drum {rPois rN+ Int+2}
rPois   +            O - +1 hat
rElec   .            o - +0 cloak
rCorr   .            k - +0 pair of gloves
SInv    .            H - +2 pair of boots
Will    ++...        (no amulet)
Stlth   +            (no ring)
HPRegen 1.35/turn    (no ring)
MPRegen 0.12/turn

%: no passive effects
@: strong-willed, on berserk cooldown, regenerating, slowed, very slow
A: horns 2, retaliatory headbutt
a: Renounce Religion, Berserk, Trog's Hand, Brothers in Arms


You were on level 1 of the Lair of Beasts.
You worshipped Trog.
Trog was greatly pleased with you.
You visited 2 branches of the dungeon, and saw 12 of its levels.
You also visited: Sewer.

You collected 654 gold pieces.
You spent 384 gold pieces at shops.

Inventory:

Hand Weapons
 a - a +0 hand axe
 c - a +2 war axe (weapon)
 G - a +1 hand axe of draining
Missiles
 Q - 2 throwing nets (quivered)
 V - a boomerang
Armour
 b - a +0 animal skin
 k - a +0 pair of gloves (worn)
 l - a +0 leather armour
 o - a +0 cloak (worn)
 s - a +0 tower shield (worn)
 v - the +0 robe of the Kettle-Drum (worn) {rPois rN+ Int+2}
   (You found it on level 2 of the Dungeon)

   Int+2:     It affects your intelligence (+2).
   rPois:     It protects you from poison rN+: It protects you from negative
   energy.
 H - a +2 pair of boots (worn)
 O - a +1 hat (worn)
 Y - a +0 scale mail of cold resistance
Jewellery
 i - a ring of ice
 n - a +4 ring of slaying
 u - a ring of poison resistance
 A - a ring of fire
Wands
 m - a wand of iceblast (23)
 P - a wand of charming (14)
 S - a wand of light (13)
 X - a wand of polymorph (7)
 Z - a wand of flame (4)
Scrolls
 d - 3 scrolls of immolation
 e - 3 scrolls of revelation
 g - 3 scrolls of amnesia
 h - 4 scrolls of vulnerability {unknown}
 j - 6 scrolls of noise
 y - 3 scrolls of brand weapon {unknown}
 B - a scroll of silence
 E - 4 scrolls of enchant weapon {unknown}
 F - a scroll of fog
 I - 2 scrolls of torment {unknown}
 J - a scroll of summoning
 M - 2 scrolls of enchant armour
 T - 5 scrolls of teleportation
 U - a scroll of fear
 W - 4 scrolls of blinking
Potions
 f - 4 potions of invisibility {unknown}
 p - a potion of attraction {unknown}
 q - 7 potions of curing
 r - a potion of lignification {unknown}
 t - 3 potions of degeneration {unknown}
 w - 2 potions of heal wounds
 x - a potion of haste {unknown}
 z - a potion of ambrosia {unknown}
 C - 2 potions of enlightenment {unknown}
 D - 2 potions of brilliance {unknown}
 K - 2 potions of might {unknown}
 L - 2 potions of magic {unknown}
 N - a potion of berserk rage {unknown}
 R - a potion of mutation {unknown}


   Skills:
 - Level 8.0 Fighting
 * Level 17.6 Axes
 - Level 2.4 Armour
 - Level 2.1 Dodging
 - Level 9.2 Shields


You had 10 spell levels left.
You didn't know any spells.
Your spell library was empty.

Dungeon Overview and Level Annotations

Branches:
Dungeon (11/15)            Temple (0/1) D:6            Lair (1/5) D:11
    Orc (0/2) D:9           Sewer (visited)

Altars:
Hepliaklqana
Sif Muna

Shops:
D:2 *   D:3 [=**   D:8 :   D:9 ***


Innate Abilities, Weirdness & Mutations

You have a pair of horns on your head.
You reflexively headbutt those who attack you in melee.


Message History

The puff of flame hits you!
The yak gores the bush!
You slice the yak!!
You kill the yak!
Trog accepts your kill.
You hit the bush. You hit the bush but do no damage. You hit the yak.
The yak gores you!
You closely miss the yak. You headbutt the yak!
The yak is moderately wounded.
You hit the bush. You barely miss the yak. You hit the bush but do no damage.
The burning bush throws fire at you. You block the puff of flame.
You block the yak's attack.
You barely miss the yak. You headbutt the yak!
The yak is moderately wounded.
You hit the bush. You hit the yak. You slash the yak!
You hit the bush but do no damage. You block the yak's attack.
The yak gores you but does no damage. The burning bush throws fire at you.
The puff of flame hits you! You block the yak's attack.
You hit the yak.
The yak is moderately wounded.
You hit the yak.
You hit the bush but do no damage. x2; You slash the yak!
The yak gores the bush.
You block the yak's attack. x2; The yak gores you.
The yak gores you!
The yak gores the bush but does no damage.
You block the yak's attack. The yak barely misses you.
Your skin crawls.
You feel strong-willed. The yak gores you. You block the yak's attack.
The yak gores the bush but does no damage.
The yak gores you.
* * * LOW HITPOINT WARNING * * *
The burning bush throws fire at you. The puff of flame hits you!
* * * LOW HITPOINT WARNING * * *
The burning bush throws fire at you. The puff of flame misses you.
The yak attacks as it pursues you! The yak closely misses you.
You block the yak's attack. The burning bush throws fire at you.
The puff of flame hits you!
You die...

P..#.#.#.#P.P#.
...#.......#....
..P....~....P.###
...#..~~~..#.....
.P...~~8~~...P.>.
...#.>~~~..#....
..P....~<...P...
..#...†...#....
.P.P#.#.#@#P.P..
.....P..YPY......
.......P†.Y..###.
##.#............
##.#............
................
.................
.................
##......≈......


You could see 2 burning bushes and 3 yaks.

Vanquished Creatures
  A boulder beetle (D:11)
  2 two-headed ogres (D:9)
  A cyclops (D:11)
  A black mamba (Lair:1)
  A gargoyle (D:10)
  A komodo dragon (D:11)
  Maggie (D:7)
  3 wyverns
  7 yaks
  The ghost of azerty75 the Chopper, an amateur HOFi (D:3)
  3 vampire mosquitoes (D:10)
  A water moccasin (D:8)
  An orc warrior (D:8)
  3 sky beasts
  A wolf (Lair:1)
  An ogre (D:4)
  2 centaurs (D:8)
  3 phantoms
  7 bullfrogs
  2 gnoll sergeants
  2 scorpions
  8 wights
  15 killer bees
  2 howler monkeys (D:8)
  Crazy Yiuf (D:2)
  2 hounds
  3 jellies
  5 orc priests
  A sleepcap (D:8)
  Terence (D:3)
  2 iguanas
  8 orc wizards
  Natasha (thrice) (D:3)
  9 gnolls
  15 adders
  3 shadow imps
  8 dart slugs
  27 orcs
  13 endoplasms
  17 giant cockroaches
  14 goblins
  12 hobgoblins
  8 jackals
  4 quokkas
  19 ball pythons
  5 bats
  6 frilled lizards
  6 kobolds
  10 rats
272 creatures vanquished.

Vanquished Creatures (collateral kills)
  The ghost of lDtest the Fighter, a novice DsCA of Ignis (D:9)
1 creature vanquished.

Vanquished Creatures (others)
  An orc wizard (D:7)
1 creature vanquished.

Grand Total: 274 creatures vanquished

Notes
Turn   | Place    | Note
-------+----------+-------------------------------------------
     0 | D:1      | dakkaduck the Minotaur Berserker began the quest for the
                  | Orb.
     0 | D:1      | Reached XP level 1. HP: 19/19 MP: 0/0
    26 | D:1      | Reached skill level 4 in Axes
    37 | D:1      | Reached XP level 2. HP: 21/26 MP: 1/1
   251 | D:1      | Reached ** piety under Trog
   252 | D:1      | Reached skill level 5 in Axes
   359 | D:1      | Reached XP level 3. HP: 13/31 MP: 2/2
   793 | D:2      | Found a faded altar of an unknown god.
   808 | D:2      | Found Nulao's Assorted Antiques.
  1234 | D:2      | Reached XP level 4. HP: 37/39 MP: 3/3
  1288 | D:2      | Reached skill level 6 in Axes
  1309 | D:2      | Identified the +0 robe of the Kettle-Drum {rPois rN+ Int+2}
  1471 | D:2      | Found a runed translucent door.
  1472 | D:2      | Noticed Crazy Yiuf
  1665 | D:2      | Killed Crazy Yiuf
  1919 | D:3      | Reached skill level 1 in Shields
  1924 | D:3      | Reached XP level 5. HP: 30/45 MP: 4/4
  2139 | D:3      | Found Zikagano's General Store.
  2178 | D:3      | Noticed Natasha
  2188 | D:3      | Killed Natasha
  2189 | D:3      | Reached skill level 7 in Axes
  2296 | D:3      | Noticed Terence
  2314 | D:3      | Killed Terence
  2316 | D:3      | Reached *** piety under Trog
  2400 | D:3      | Found a glowing drain.
  2417 | Sewer    | Entered a sewer
  2511 | Sewer    | Reached XP level 6. HP: 51/51 MP: 5/5
  2685 | Sewer    | Reached skill level 8 in Axes
  2687 | Sewer    | Reached **** piety under Trog
  2771 | D:3      | Found Tiwyhyed's Armour Shoppe.
  2836 | D:3      | Found Ythrobes's Jewellery Boutique.
  2836 | D:3      | Found Huynenan's General Store.
  2845 | D:3      | Bought a scroll of noise for 13 gold pieces
  2845 | D:3      | Bought a scroll of identify for 26 gold pieces
  3035 | D:3      | Found a runed translucent gate.
  3036 | D:3      | Found a runed translucent gate.
  3037 | D:3      | Noticed azerty75's ghost (amateur HOFi)
  3038 | D:3      | Found a runed translucent gate.
  3122 | D:3      | Noticed Natasha
  3131 | D:3      | Killed Natasha
  3157 | D:3      | Bought 2 potions of heal wounds for 130 gold pieces
  3293 | D:3      | Killed azerty75's ghost
  3294 | D:3      | Reached XP level 7. HP: 42/57 MP: 6/6
  3651 | D:3      | Found Zikagano's General Store.
  3712 | D:3      | Noticed Natasha
  3722 | D:3      | Killed Natasha
  3723 | D:3      | Reached skill level 9 in Axes
  3742 | D:3      | Found Huynenan's General Store.
  3752 | D:3      | Found Ythrobes's Jewellery Boutique.
  3794 | D:3      | Found Tiwyhyed's Armour Shoppe.
  4199 | D:4      | Reached skill level 5 in Shields
  4754 | D:4      | Reached XP level 8. HP: 64/64 MP: 7/7
  4836 | D:5      | Entered Level 5 of the Dungeon
  5035 | D:5      | Reached skill level 10 in Axes
  6238 | D:6      | Found a staircase to the Ecumenical Temple.
  6482 | D:7      | Reached skill level 11 in Axes
  6565 | D:7      | Reached XP level 9. HP: 70/70 MP: 8/8
  6615 | D:7      | Noticed Maggie
  6628 | D:7      | Killed Maggie
  6629 | D:7      | Reached skill level 12 in Axes
  7138 | D:2      | Bought a scroll labelled TOAVOT ASEC for 22 gold pieces
  7138 | D:2      | Bought a scroll labelled QUACIMOVOE for 22 gold pieces
  7138 | D:2      | Bought a scroll labelled KIWOOR CAP for 22 gold pieces
  7233 | D:3      | Bought a scroll of revelation for 97 gold pieces
  7233 | D:3      | Bought a scroll of amnesia for 52 gold pieces
  7390 | D:8      | Reached skill level 5 in Fighting
  7390 | D:8      | Reached skill level 13 in Axes
  7403 | D:8      | Found Xiefemmyi's Book Shoppe.
  7453 | D:8      | Reached skill level 14 in Axes
  7492 | D:8      | Reached XP level 10. HP: 56/83 MP: 9/9
  7589 | D:8      | Reached ***** piety under Trog
  7930 | D:9      | Found Cyfetz's General Store.
  7964 | D:9      | Found a staircase to the Orcish Mines.
  8092 | D:9      | Noticed a two-headed ogre
  8100 | D:9      | Killed a two-headed ogre
  8101 | D:9      | Reached skill level 15 in Axes
  8336 | D:9      | Found a hazy altar of Hepliaklqana.
  8427 | D:9      | Noticed a two-headed ogre
  8438 | D:9      | Killed a two-headed ogre
  8441 | D:9      | Found Qizew's General Store.
  8446 | D:9      | Found Saeqas's Specific Store.
  8488 | D:9      | Found a runed translucent door.
  8492 | D:9      | Noticed lDtest's ghost (novice DsCA)
  8893 | D:9      | Killed lDtest's ghost
  9025 | D:10     | Entered Level 10 of the Dungeon
  9079 | D:10     | Reached skill level 16 in Axes
  9110 | D:10     | Noticed a gargoyle
  9118 | D:10     | Killed a gargoyle
  9120 | D:10     | Found a shimmering blue altar of Sif Muna.
  9790 | D:11     | Noticed a boulder beetle
  9815 | D:11     | Killed a boulder beetle
  9816 | D:11     | Reached XP level 11. HP: 69/94 MP: 10/10
  9923 | D:11     | Found a staircase to the Lair.
  9934 | D:11     | Reached skill level 17 in Axes
 10089 | Lair:1   | Entered Level 1 of the Lair of Beasts
 10111 | Lair:1   | Killed from afar by a burning bush

Illustrated notes

Levels and vault maps discovered:
D:1:      lightli_arrival_statuegarden, layout_basic, nrook_uturn, st_stairs_5,
          minmay_ruptured
D:2:      layout_loops_corners, serial_shops, nicolae_shop_just_a_little_nook,
          basic_ecumenical_altar, uniq_crazy_yiuf_cottage
D:3:      cheibrodos_pilgrimage, layout_loops_ring, serial_shops,
          nicolae_shop_peninsula, shop, shop, shop, biasface_ghost_orc_armoury,
          portal_sewer_entry_f, uniq_terence, uniq_natasha
D:4:      layout_loops_ring
D:5:      layout_cave_pods
D:6:      layout_loops_corners, minmay_temple_entry_statues_pillars
D:7:      layout_basic, uniq_maggie
D:8:      layout_basic, serial_shops, nicolae_shop_waterfront
D:9:      layout_loops_corners, mainiacjoe_overflow_paths, orc_0_dummy,
          serial_shops, nicolae_shop_stone, ebering_ghost_reflecting_pool,
          nicolae_specific_store
D:10:     layout_basic, mainiacjoe_overflow_concentric_impassable
D:11:     regret_index_bee_streams, layout_basic, david_lair_shrubbed,
          serial_shops, nicolae_shop_scrapyard, uniq_lodul
Lair:1:   layout_regular_city, serial_rivers, chequers_serial_rivers_micro_a,
          chequers_serial_rivers_small_b, chequers_serial_rivers_room_a,
          chequers_serial_rivers_micro_a, chequers_serial_rivers_micro_a,
          nicolae_quartered_pool_medium, evilmike_ambush
          [evilmike_ambush_outer_pillars, evilmike_ambush_inner_pond],
          infiniplex_staircase_pool

Skill      XL: |  1  2  3  4  5  6  7  8  9 10 11 |
---------------+----------------------------------+-----
Axes           | 4 5 6 7 8 9 11 14 16 17 | 17.6
Shields        | 1 2 4 6 9 |  9.2
Fighting       | 5 8 |  8.0
Armour         | |  2.4
Dodging        | |  2.1

Action                     |  1- 3 |  4- 6 |  7- 9 | 10-12 || total
---------------------------+-------+-------+-------+-------++-------
  Melee: Hand axe          |    77 |   245 |   209 |       ||   531
         Headbutt          |    12 |    28 |    43 |    29 ||   112
         War axe           |       |       |    74 |   153 ||   227
 Invoke: Berserk           |       |     2 |     2 |     7 ||    11
         Trog's Hand       |       |     1 |     1 |     4 ||     6
         Brothers in Arms  |       |       |       |     1 ||     1
  Evoke: Wand              |       |       |     1 |       ||     1
    Use: Scroll            |       |       |     7 |     1 ||     8
   Stab: Distracted        |       |     1 |       |       ||     1
 Armour: Animal skin       |    23 |       |       |       ||    23
         Leather armour    |    17 |     5 |       |       ||    22
         Robe              |       |   122 |   126 |    79 ||   327
  Dodge: Dodged            |    46 |    77 |    60 |    45 ||   228
  Block: Tower shield      |     2 |   155 |   174 |   132 ||   463
